[Event "November 21 Early 2023"]
[Site "https://www.chess.com"]
[Date "2023.11.21"]
[Round "3"]
[White "Van Foreest, Jorden"]
[Black "NovozhilovSemen"]
[Result "1/2-1/2"]
[Board "21"]
[TimeControl "180+1"]
[WhiteFideId "1039784"]
[WhiteElo "2664"]
[BlackElo "2743"]
[WhiteTeam "NED"]
[WhiteClock "0:00:12"]
[BlackClock "0:00:23"]

1. e4 c5 2. Nf3 Nc6 3. Bc4 d6 4. O-O g6 5. c3 Bg7 6. d4 cxd4 7. cxd4 e5 8. d5 Nce7 9. Nc3 h6 10. Bb5+ Bd7 11. Nd2 Bxb5 12. Nxb5 a6 13. Nc3 f5 14. f3 Nf6 15. a4 O-O 16. Nc4 Qc7 17. Qb3 Nd7 18. Be3 Nc8 19. Rac1 b6 20. Kh1 Qb8 21. Qa3 b5 22. Na5 b4 23. Qa2 bxc3 24. Rxc3 Ncb6 25. Nc6 Qe8 26. a5 Nc8 27. Rfc1 Ne7 28. b4 Kh7 29. h3 fxe4 30. fxe4 g5 31. Qe2 Ng6 32. Qg4 Nf6 33. Qf5 Qc8 34. g4 Qxf5 35. gxf5 Nf4 36. Rc4 Ne2 37. Kg2 Nxc1 38. Bxc1 Rfc8 39. Kf3 Nd7 40. Be3 Nb8 41. Bb6 Bf6 42. Kg4 Nd7 43. Be3 Bd8 44. Rc2 Rab8 45. Nxb8 Rxc2 46. Nxd7 Rb2 47. Nf8+ Kg8 48. Ne6 Bf6 49. Nc7 Rxb4 50. Kf3 Ra4 51. Bb6 h5 52. Nxa6 Ra3+ 53. Kg2 g4 54. hxg4 hxg4 55. Nb4 Bh4 56. a6 Be1 57. Nc2 Ra2 58. Kf1 Ba5 59. Bxa5 Rxa5 60. Nb4 Ra4 61. Nd3 Rxa6 62. Kg2 Ra3 63. Nf2 g3 64. Nh1 Kf7 65. Nxg3 Kf6 66. Ne2 Re3 67. Ng3 Kg5 68. Kf2 Ra3 69. Ne2 Kg4 70. Kg2 Re3 71. Kf2 Rxe4 72. Nc3 Rf4+ 73. Ke3 Rxf5 74. Ne4 Rf3+ 75. Ke2 Rf4 76. Nxd6 Rd4 77. Ke3 Rxd5 78. Nc8 Rd7 79. Ke4 Rc7 80. Nd6 Re7 81. Nc4 Kg5 82. Ne3 Re8 83. Nd5 Kg6 84. Nc7 Re7 85. Nd5 Re6 86. Nc7 Rc6 87. Nd5 Re6 88. Nc7 Re7 89. Nd5 Re8 90. Nc7 Rc8 91. Nd5 Kf7 92. Kxe5 Rd8 93. Nf4 Ra8 94. Nd5 Ra6 95. Kf5 Ra5 96. Ke5 Ke8 97. Kd6 Kd8 98. Kc6 Ra1 99. Kd6 Rc1 100. Ke6 Rc6+ 101. Ke5 Kd7 102. Nf6+ Ke7 103. Nd5+ Kf7 104. Kf5 Re6 105. Nf4 Rd6 106. Ke5 Rd1 107. Nd5 Re1+ 108. Kf5 Re6 109. Nf4 Rf6+ 110. Ke5 1/2-1/2

[Event "November 21 Early 2023"]
[Site "https://www.chess.com"]
[Date "2023.11.21"]
[Round "3"]
[White "Begmuratov, Alisher"]
[Black "Khismatullin, Denis"]
[Result "0-1"]
[Board "22"]
[TimeControl "180+1"]
[WhiteFideId "14203367"]
[BlackFideId "4142578"]
[WhiteElo "2387"]
[BlackElo "2552"]
[WhiteTeam "UZB"]
[BlackTeam "RUS"]
[WhiteClock "0:00:31"]
[BlackClock "0:00:34"]

1. e4 c5 2. Nf3 d6 3. Bb5+ Nd7 4. a4 Nf6 5. Nc3 a6 6. Be2 g6 7. O-O Bg7 8. d3 b6 9. Nd2 O-O 10. Nc4 Bb7 11. Bf4 Ne8 12. Qd2 e5 13. Bh6 f5 14. Bxg7 Kxg7 15. exf5 gxf5 16. f4 Kh8 17. fxe5 dxe5 18. Bf3 Bxf3 19. Rxf3 Ng7 20. Re1 Qf6 21. Nd5 Qc6 22. Nc3 Rae8 23. Rfe3 f4 24. Re4 Rf5 25. Ne2 b5 26. axb5 axb5 27. Na3 Nf6 28. Nc3 b4 29. Nc4 bxc3 30. Qxc3 Nxe4 31. Rxe4 Qf6 32. Kf2 Qh4+ 33. Kg1 Qg5 34. Nd6 f3 0-1

[Event "November 21 Early 2023"]
[Site "https://www.chess.com"]
[Date "2023.11.21"]
[Round "3"]
[White "Alekseenko, Kirill"]
[Black "Komov, Roman"]
[Result "1-0"]
[Board "23"]
[TimeControl "180+1"]
[WhiteFideId "4135539"]
[BlackFideId "24175714"]
[WhiteElo "2667"]
[BlackElo "2189"]
[WhiteTeam "AUT"]
[BlackTeam "RUS"]
[WhiteClock "0:00:05"]
[BlackClock "0:00:00"]

1. e4 c5 2. Nf3 d6 3. d4 cxd4 4. Nxd4 Nf6 5. Nc3 Nc6 6. Be2 e5 7. Nb3 Be6 8. O-O Be7 9. Bg5 O-O 10. Bxf6 Bxf6 11. Nd5 Bg5 12. c3 Ne7 13. Bc4 Rc8 14. Nxe7+ Qxe7 15. Bxe6 fxe6 16. Qd3 Rcd8 17. Rad1 Rf6 18. g3 h5 19. Qe2 g6 20. h4 Bh6 21. Rd3 Rdf8 22. Qd1 Qf7 23. Qe2 Rd8 24. Kg2 Bf8 25. Nd2 Bh6 26. Nf3 Rf8 27. Ne1 Rd8 28. Rf3 Bg7 29. Rxf6 Bxf6 30. Nf3 Kg7 31. Rd1 Qc7 32. Qe3 b6 33. Kh2 d5 34. Rd2 Qc5 35. Qxc5 bxc5 36. c4 d4 37. Ne1 Be7 38. Kg2 Bd6 39. Nd3 Kf6 40. f3 Rb8 41. Kf2 Rb6 42. Ke2 Ra6 43. b3 Rb6 44. Ne1 Rb8 45. Kd3 Ke7 46. Rg2 Bc7 47. Ke2 Ba5 48. Nd3 Kd6 49. f4 Rg8 50. Nxe5 Bc7 51. Nd3 Bb6 52. e5+ Ke7 53. Nf2 a5 54. Ne4 a4 55. Kd3 axb3 56. axb3 Ra8 57. g4 hxg4 58. Rxg4 Kf7 59. Nd6+ Kg7 60. h5 Ra3 61. Rxg6+ Kh7 62. Rxe6 Rxb3+ 63. Ke4 Re3+ 64. Kf5 d3 65. Ne4 Bc7 66. Re7+ Kh6 67. Rxc7 Rxe4 68. Kxe4 d2 69. Rd7 d1=Q 70. Rxd1 1-0

[Event "November 21 Early 2023"]
[Site "https://www.chess.com"]
[Date "2023.11.21"]
[Round "3"]
[White "Drygalov, Sergey"]
[Black "Orujov2008"]
[Result "1-0"]
[Board "24"]
[TimeControl "180+1"]
[WhiteFideId "24171743"]
[WhiteElo "2502"]
[BlackElo "2728"]
[WhiteTeam "RUS"]
[WhiteClock "0:01:25"]
[BlackClock "0:01:03"]

1. d4 d5 2. c4 c6 3. Nc3 Nf6 4. Nf3 e6 5. e3 Nbd7 6. Qc2 Bd6 7. Bd3 O-O 8. O-O e5 9. cxd5 cxd5 10. e4 exd4 11. Nxd5 Nxd5 12. exd5 h6 13. Rd1 Nf6 14. Nxd4 Nxd5 15. Bh7+ Kh8 16. Bf5 Nb4 17. Qb3 a5 18. Be3 a4 19. Qc4 a3 20. bxa3 Rxa3 21. Nb5 Ra6 22. Bxc8 Qxc8 23. Qxc8 Bxh2+ 24. Kxh2 Rxc8 25. Nd6 Rc7 26. Rac1 Rxc1 27. Bxc1 Rxa2 28. Be3 f6 29. Nxb7 Kh7 30. Rd7 Nc6 31. Nc5 Ne5 32. Rb7 Kg6 33. Ne6 Ng4+ 34. Kg3 h5 35. Rxg7+ Kf5 36. Nd4+ Ke5 37. Re7+ Kd6 38. Nf5+ Kc6 39. f3 1-0

[Event "November 21 Early 2023"]
[Site "https://www.chess.com"]
[Date "2023.11.21"]
[Round "3"]
[White "Halkias, Stelios"]
[Black "Makarian, Rudik"]
[Result "1-0"]
[Board "25"]
[TimeControl "180+1"]
[WhiteFideId "4201809"]
[BlackFideId "44105681"]
[WhiteElo "2462"]
[BlackElo "2539"]
[WhiteTeam "GRE"]
[BlackTeam "FID"]
[WhiteClock "0:00:06"]
[BlackClock "0:00:00"]

1. Nf3 Nf6 2. c4 e6 3. g3 d5 4. d4 Bb4+ 5. Bd2 Be7 6. Bg2 O-O 7. Qc2 Nbd7 8. h4 dxc4 9. Qxc4 a6 10. Qc2 c5 11. dxc5 Nxc5 12. Nc3 Bd7 13. Ne5 Rc8 14. O-O Be8 15. Rfd1 Qc7 16. Nf3 Nce4 17. Rac1 Nxf2 18. Kxf2 Ng4+ 19. Kf1 Bb5 20. Qe4 Qxg3 21. Be1 Nh2+ 22. Nxh2 Qxh2 23. Nxb5 axb5 24. Bf2 Bf6 25. Rxc8 Rxc8 26. Qxb7 Rf8 27. Qxb5 h6 28. Qd3 Bxb2 29. Qh3 Qe5 30. Qe3 Qa5 31. Qb3 Bf6 32. a4 g6 33. Qb5 Qc7 34. a5 Qf4 35. Qd3 Qa4 36. a6 Rb8 37. a7 Rc8 38. Qf3 1-0

[Event "November 21 Early 2023"]
[Site "https://www.chess.com"]
[Date "2023.11.21"]
[Round "3"]
[White "Rasulov, Vugar"]
[Black "Goltsev, Dmitry"]
[Result "1/2-1/2"]
[Board "26"]
[TimeControl "180+1"]
[WhiteFideId "13402390"]
[BlackFideId "24176710"]
[WhiteElo "2517"]
[BlackElo "2370"]
[WhiteTeam "AZE"]
[BlackTeam "RUS"]
[WhiteClock "0:00:48"]
[BlackClock "0:01:45"]

1. d4 e6 2. Nf3 Nf6 3. g3 d5 4. Bg2 c5 5. O-O Nc6 6. c4 dxc4 7. Ne5 Nxe5 8. dxe5 Qxd1 9. Rxd1 Nd7 10. Na3 Nxe5 11. Bf4 f6 12. Bxe5 fxe5 13. Nxc4 Be7 14. a4 O-O 15. a5 Rd8 16. a6 Rb8 17. Na5 Kf7 18. axb7 Bd7 19. Nc4 Kf6 20. Rxa7 Bb5 21. Rc1 Bxc4 22. Rxc4 Rd1+ 23. Bf1 Rd7 24. Rc3 Rdxb7 25. Rf3+ Kg6 26. Ra6 Rxb2 27. Rxe6+ Bf6 28. Kg2 R2b6 29. Rxb6 Rxb6 30. e3 h6 31. g4 Rb4 32. e4 Kf7 33. Bd3 Ke7 34. Re3 Rb3 35. Bc4 Rxe3 36. fxe3 Kd6 37. Kf3 1/2-1/2

[Event "November 21 Early 2023"]
[Site "https://www.chess.com"]
[Date "2023.11.21"]
[Round "3"]
[White "Nagy, Gabor"]
[Black "Chigaev, Maksim"]
[Result "1-0"]
[Board "27"]
[TimeControl "180+1"]
[WhiteFideId "737119"]
[BlackFideId "4108116"]
[WhiteElo "2505"]
[BlackElo "2561"]
[WhiteTeam "HUN"]
[BlackTeam "ESP"]
[WhiteClock "0:00:37"]
[BlackClock "0:00:15"]

1. d4 Nf6 2. Nc3 d5 3. Bf4 g6 4. e3 Nh5 5. Be5 f6 6. Bg3 c6 7. Nf3 Nd7 8. e4 dxe4 9. Nxe4 Nb6 10. Be2 Bg7 11. O-O O-O 12. Nc5 Kh8 13. Re1 Nd5 14. c3 b6 15. Nd3 Ba6 16. Bf1 Rc8 17. Qc2 c5 18. dxc5 bxc5 19. Rad1 Qb6 20. c4 Nb4 21. Nxb4 cxb4 22. Rxe7 Nxg3 23. hxg3 Rc7 24. Rxc7 Qxc7 25. Qa4 Bc8 26. Qxb4 f5 27. b3 f4 28. gxf4 Qxf4 29. Qd6 Qg4 30. Qg3 Qf5 31. Qc7 Bf6 32. Qxa7 Qh5 33. Rd5 Qh6 34. Qe3 Qg7 35. a4 Bb7 36. Rd2 Bxf3 37. Qxf3 Bc3 38. Rd7 Rxf3 39. Rxg7 Rf4 40. Rd7 Bd4 41. g3 Bxf2+ 42. Kg2 Bxg3 43. Kxg3 Rxf1 44. c5 Rc1 45. b4 g5 46. a5 h5 47. a6 Rc3+ 48. Kf2 Ra3 49. a7 1-0

[Event "November 21 Early 2023"]
[Site "https://www.chess.com"]
[Date "2023.11.21"]
[Round "3"]
[White "Zhigalko, Sergei"]
[Black "Shoker, Samy"]
[Result "0-1"]
[Board "28"]
[TimeControl "180+1"]
[WhiteFideId "13502956"]
[BlackFideId "627143"]
[WhiteElo "2616"]
[BlackElo "2475"]
[WhiteTeam "BLR"]
[BlackTeam "EGY"]
[WhiteClock "0:00:00"]
[BlackClock "0:00:18"]

1. e4 g6 2. d4 Bg7 3. Nc3 c5 4. dxc5 Bxc3+ 5. bxc3 Nc6 6. Be3 Qa5 7. Qd2 Nf6 8. f3 O-O 9. Bd3 b6 10. cxb6 axb6 11. Ne2 d5 12. O-O dxe4 13. fxe4 Rd8 14. Nd4 Nxd4 15. cxd4 Qxd2 16. Bxd2 Rxd4 17. Bc3 Rda4 18. Rab1 Be6 19. Rxb6 Nd7 20. Rxe6 fxe6 21. Bb5 Nc5 22. Bxa4 Rxa4 23. a3 Nxe4 24. Bb4 Nd6 25. Rc1 Nc4 26. Bxe7 Kf7 27. Bc5 e5 28. Ra1 Ke6 29. Bb4 Kd5 0-1

[Event "November 21 Early 2023"]
[Site "https://www.chess.com"]
[Date "2023.11.21"]
[Round "3"]
[White "Shuvalova, Polina"]
[Black "Henriquez Villagra, Cristobal"]
[Result "0-1"]
[Board "29"]
[TimeControl "180+1"]
[WhiteFideId "24171760"]
[BlackFideId "3409350"]
[WhiteElo "2342"]
[BlackElo "2572"]
[WhiteTeam "RUS"]
[BlackTeam "CHI"]
[WhiteClock "0:00:09"]
[BlackClock "0:00:34"]

1. e4 d6 2. d4 Nf6 3. Bd3 e5 4. Nf3 Nc6 5. c3 Bg4 6. Be3 Be7 7. O-O O-O 8. Nbd2 Bh5 9. h3 Re8 10. Re1 Bf8 11. a3 Bg6 12. Qc2 h6 13. Rad1 Qc8 14. b4 a6 15. c4 exd4 16. Nxd4 Ne5 17. Bf1 d5 18. cxd5 Nxd5 19. f4 c5 20. fxe5 Nxe3 21. Rxe3 cxd4 22. Qxc8 Raxc8 23. Rd3 Rxe5 24. Rxd4 Be7 25. Bd3 Bg5 26. Rd7 b5 27. Nf3 Re7 28. Rxe7 Bxe7 29. e5 Rd8 30. Be2 Be4 31. Rxd8+ Bxd8 32. Kf2 Bb6+ 33. Ke1 Be3 34. Kd1 Kf8 35. Ne1 Bd4 36. Bf3 Bxf3+ 37. Nxf3 Bb2 38. Kc2 Bxa3 39. Kb3 Bc1 40. Nd4 Ke8 41. Kc3 Bf4 42. Nc6 Kd7 43. Nb8+ Ke6 44. Nxa6 Bxe5+ 45. Kd3 Kd5 46. g4 Bd6 47. Kc3 g6 48. Kd3 f5 49. gxf5 gxf5 50. Ke3 Kc6 51. Kd4 Kb6 52. Kd5 Kxa6 53. Kxd6 f4 0-1

[Event "November 21 Early 2023"]
[Site "https://www.chess.com"]
[Date "2023.11.21"]
[Round "3"]
[White "Ashraf, Artin"]
[Black "Zakaryan, David"]
[Result "1-0"]
[Board "30"]
[TimeControl "180+1"]
[WhiteFideId "22514805"]
[BlackFideId "24101923"]
[WhiteElo "2235"]
[BlackElo "2323"]
[WhiteTeam "IRI"]
[BlackTeam "RUS"]
[WhiteClock "0:00:13"]
[BlackClock "0:00:15"]

1. c4 e6 2. Nf3 Nf6 3. d4 d5 4. Bg5 Bb4+ 5. Nc3 O-O 6. cxd5 exd5 7. Qb3 Bxc3+ 8. Qxc3 h6 9. Bxf6 Qxf6 10. Qxc7 Na6 11. Qa5 Bg4 12. Ne5 Rfc8 13. e3 Bf5 14. Bxa6 Qxa6 15. Qxa6 bxa6 16. g4 Bh7 17. Nd7 Rc2 18. b3 Bd3 19. Nc5 Re2+ 20. Kd1 Rc8 21. Rc1 Be4 22. Kxe2 Bxh1 23. Rxh1 a5 24. h3 Rc6 25. Rc1 h5 26. Nd3 Rf6 27. Nf4 hxg4 28. hxg4 Rd6 29. Rc5 g5 30. Rxd5 Rc6 31. Rxg5+ Kf8 32. Rxa5 Rh6 33. g5 Rh1 34. Rxa7 Kg8 35. Kf3 Rb1 36. Nd3 Rc1 37. Nxc1 1-0

[Event "November 21 Early 2023"]
[Site "https://www.chess.com"]
[Date "2023.11.21"]
[Round "3"]
[White "Priasmoro, Novendra"]
[Black "Puranik, Abhimanyu"]
[Result "1-0"]
[Board "31"]
[TimeControl "180+1"]
[WhiteFideId "7105029"]
[BlackFideId "5061245"]
[WhiteElo "2412"]
[BlackElo "2493"]
[WhiteTeam "INA"]
[BlackTeam "IND"]
[WhiteClock "0:00:03"]
[BlackClock "0:00:00"]

1. e4 c5 2. Nf3 Nc6 3. Bb5 e6 4. O-O Nge7 5. Re1 b6 6. c3 a6 7. Bf1 d5 8. exd5 Nxd5 9. d4 cxd4 10. Nxd4 Bb7 11. Bc4 Be7 12. Nf5 O-O 13. Bxd5 exf5 14. Qf3 Nd4 15. cxd4 Bxd5 16. Qxf5 Bf6 17. Be3 b5 18. Nc3 Be6 19. Qf4 b4 20. Na4 Bd5 21. b3 Re8 22. Nc5 h6 23. Qg4 Kh8 24. Rad1 a5 25. h3 Qd6 26. Bf4 Qc6 27. Bh2 Rad8 28. Rc1 Rxe1+ 29. Rxe1 Re8 30. Rd1 Re7 31. Bf4 Kh7 32. h4 g6 33. h5 g5 34. Qf5+ Kg7 35. Be5 Bxe5 36. dxe5 Qxc5 37. Qf6+ Kg8 38. Rxd5 Qxd5 39. Qxe7 Qd1+ 40. Kh2 Qxh5+ 41. Kg1 Qd1+ 42. Kh2 Qd2 43. Qf6 Qd4 44. g3 Qb2 45. Kg2 Qd4 46. Qf5 Qd5+ 47. Kh2 Qc6 48. Qd3 Kg7 49. Qd8 1-0

[Event "November 21 Early 2023"]
[Site "https://www.chess.com"]
[Date "2023.11.21"]
[Round "3"]
[White "Shimanov, Aleksandr"]
[Black "Diaz Perez, Michel Alejandro"]
[Result "1-0"]
[Board "32"]
[TimeControl "180+1"]
[WhiteFideId "4198603"]
[BlackFideId "3517179"]
[WhiteElo "2611"]
[BlackElo "2398"]
[WhiteTeam "RUS"]
[BlackTeam "CUB"]
[WhiteClock "0:00:47"]
[BlackClock "0:00:06"]

1. c4 Nf6 2. g3 d6 3. Bg2 e5 4. Nc3 Nbd7 5. d3 g6 6. e3 Bg7 7. Nge2 O-O 8. O-O c6 9. Rb1 a5 10. a3 Ne8 11. b4 axb4 12. axb4 f5 13. b5 c5 14. Bd2 Nb6 15. Qc2 Be6 16. Bxb7 Ra7 17. Bg2 Kh8 18. Ra1 Rxa1 19. Rxa1 d5 20. cxd5 Nxd5 21. Nxd5 Bxd5 22. Bxd5 Qxd5 23. Rb1 Nd6 24. Nc3 Qf3 25. Qd1 Qxd1+ 26. Rxd1 Rb8 27. Rb1 c4 28. dxc4 Nxc4 29. Be1 e4 30. Nd5 Rd8 31. b6 Be5 32. b7 Bb8 33. Ne7 Kg7 34. Nc6 Re8 35. Bc3+ Kf7 36. Ra1 Bc7 37. Ra8 Nd6 38. Rxe8 Kxe8 39. b8=Q+ Bxb8 40. Nxb8 Kf7 41. Nc6 Nc4 42. Ne5+ Nxe5 43. Bxe5 g5 44. h3 Ke6 45. Bd4 h5 46. h4 g4 47. Kf1 Kd5 48. Ke2 Kc4 49. Kd2 Kb3 50. Be5 Kc4 51. Kc2 Kb4 52. Bc3+ Kc4 53. Bd2 Kd5 54. Kc3 Kc5 55. Bc1 Kd5 56. Ba3 Ke5 57. Kc4 Ke6 58. Kd4 1-0

[Event "November 21 Early 2023"]
[Site "https://www.chess.com"]
[Date "2023.11.21"]
[Round "3"]
[White "Tristan, Leonardo"]
[Black "Baskakov, Egor"]
[Result "1-0"]
[Board "33"]
[TimeControl "180+1"]
[WhiteFideId "113816"]
[BlackFideId "24197866"]
[WhiteElo "2483"]
[BlackElo "2225"]
[WhiteTeam "ARG"]
[BlackTeam "RUS"]
[WhiteClock "0:00:49"]
[BlackClock "0:01:26"]

1. d4 Nf6 2. Nf3 e6 3. Bf4 d5 4. e3 Be7 5. Nbd2 Ne4 6. Nxe4 dxe4 7. Nd2 f5 8. Be2 O-O 9. h3 Bd6 10. Bxd6 cxd6 11. O-O d5 12. c4 f4 13. Qb3 Kh8 14. exf4 Rxf4 15. Qe3 Rf8 16. f3 exf3 17. Nxf3 Nc6 18. Ng5 e5 19. cxd5 Nxd4 20. Nf7+ Rxf7 21. Rxf7 Bf5 22. Qxe5 Nxe2+ 23. Kh2 Qg5 24. Rxf5 Qg6 25. Re1 1-0

[Event "November 21 Early 2023"]
[Site "https://www.chess.com"]
[Date "2023.11.21"]
[Round "3"]
[White "Pap, Gyula"]
[Black "Matinian, Nikita"]
[Result "0-1"]
[Board "34"]
[TimeControl "180+1"]
[WhiteFideId "725323"]
[BlackFideId "24129100"]
[WhiteElo "2525"]
[BlackElo "2417"]
[WhiteTeam "HUN"]
[BlackTeam "FID"]
[WhiteClock "0:00:00"]
[BlackClock "0:00:06"]

1. e4 c5 2. Nc3 Nc6 3. Nf3 e6 4. d4 cxd4 5. Nxd4 Qc7 6. Be3 a6 7. Qf3 h5 8. O-O-O Ne5 9. Qg3 d6 10. f4 Ng4 11. Bg1 N8f6 12. h3 Nh6 13. Be2 Bd7 14. e5 dxe5 15. fxe5 Rc8 16. Bf2 h4 17. Qe3 Nfg8 18. Kb1 Ne7 19. Bd3 g6 20. Bxh4 Nhf5 21. Bxf5 Rxh4 22. Be4 Qxe5 23. Rhe1 Bg7 24. Nf3 Rxc3 25. Qxc3 Qxc3 26. bxc3 Rh5 27. Nd4 Rc5 28. Kb2 b5 29. Rd3 a5 30. Nb3 Rc7 31. Nxa5 b4 32. Kb3 bxc3 33. a4 Ra7 34. Nc4 Bxa4+ 35. Kb4 Bxc2 36. Rxc3 Bxc3+ 37. Kxc3 Bxe4 38. Nd6+ Kf8 39. Nxe4 Ra2 40. g4 Ra3+ 41. Kd4 Rxh3 42. Ke5 Rf3 43. Ng5 Rf2 44. Ne4 Rf3 45. Ng5 Ra3 46. Ne4 Ra5+ 47. Kf4 Nd5+ 48. Kg3 Kg7 49. g5 Ra3+ 50. Kg4 Ne3+ 0-1

[Event "November 21 Early 2023"]
[Site "https://www.chess.com"]
[Date "2023.11.21"]
[Round "3"]
[White "Starozhilov, Leonid"]
[Black "Rustemov, Alexander"]
[Result "1/2-1/2"]
[Board "35"]
[TimeControl "180+1"]
[WhiteFideId "14106752"]
[BlackFideId "4119002"]
[WhiteElo "2270"]
[BlackElo "2893"]
[WhiteTeam "UKR"]
[BlackTeam "RUS"]
[WhiteClock "0:00:40"]
[BlackClock "0:01:20"]

1. e4 e6 2. d4 d5 3. Nc3 dxe4 4. Nxe4 Bd7 5. Nf3 Bc6 6. Bd3 Nd7 7. O-O Ngf6 8. Nc3 Be7 9. Re1 Nd5 10. Nxd5 Bxd5 11. c4 Bc6 12. Qe2 Nf6 13. Ne5 Qxd4 14. Nxf7 O-O 15. Be3 Qg4 16. f3 Qh5 17. Ng5 e5 1/2-1/2

[Event "November 21 Early 2023"]
[Site "https://www.chess.com"]
[Date "2023.11.21"]
[Round "3"]
[White "Sadykov, Ramil"]
[Black "Mikhailovsky, Vladimir"]
[Result "0-1"]
[Board "36"]
[TimeControl "180+1"]
[WhiteFideId "24113590"]
[BlackFideId "34105414"]
[WhiteElo "2245"]
[BlackElo "2257"]
[WhiteTeam "FID"]
[BlackTeam "RUS"]
[WhiteClock "0:00:00"]
[BlackClock "0:00:02"]

1. e4 e5 2. Nf3 d5 3. d3 Nc6 4. Be2 Nf6 5. Nbd2 Bc5 6. O-O O-O 7. c3 Bb6 8. b4 a6 9. Qc2 Re8 10. Bb2 Nh5 11. Rfe1 Nf4 12. Bf1 Bg4 13. Rad1 dxe4 14. dxe4 Qf6 15. g3 Nh3+ 16. Bxh3 Bxh3 17. Qd3 Rad8 18. Qe2 Ba7 19. Nc4 Bg4 20. Kg2 Qe6 21. Bc1 h6 22. Be3 b5 23. Bxa7 bxc4 24. Bc5 Bh3+ 25. Kg1 Bg4 26. Kg2 Nb8 27. Rxd8 Rxd8 28. Rd1 Rxd1 29. Qxd1 Nd7 30. Be3 Nf6 31. Qc2 h5 32. Ng5 Qc6 33. f3 Bc8 34. Qd2 Bd7 35. Bc5 Qa4 36. h4 Qc6 37. Be7 Ne8 38. Nh3 f6 39. Nf2 Be6 40. Bc5 Nd6 41. Bxd6 cxd6 42. Nd1 d5 43. exd5 Bxd5 44. Qe2 e4 45. f4 e3+ 46. Kh2 Bf3 47. Qe1 e2 48. Ne3 Qe4 49. Ng2 Bxg2 0-1

[Event "November 21 Early 2023"]
[Site "https://www.chess.com"]
[Date "2023.11.21"]
[Round "3"]
[White "Taher, Yoseph Theolifus"]
[Black "Ovetchkin, Roman"]
[Result "1-0"]
[Board "37"]
[TimeControl "180+1"]
[WhiteFideId "7105347"]
[BlackFideId "4119991"]
[WhiteElo "2352"]
[BlackElo "2381"]
[WhiteTeam "INA"]
[BlackTeam "RUS"]
[WhiteClock "0:00:42"]
[BlackClock "0:00:00"]

1. d4 Nf6 2. Nc3 d5 3. Bf4 c5 4. e4 cxd4 5. Qxd4 Nc6 6. Bb5 Bd7 7. Bxc6 Bxc6 8. e5 Nd7 9. e6 fxe6 10. Nf3 Qb6 11. Qxb6 Nxb6 12. O-O-O h6 13. Rhe1 Bd7 14. h4 g6 15. Ne5 Rg8 16. Ne2 Bg7 17. Nd4 Bxe5 18. Rxe5 Nc4 19. Re2 g5 20. hxg5 hxg5 21. Bg3 Rg6 22. Rde1 Kf7 23. b3 Nd6 24. Nf3 Rag8 25. Ne5+ Ke8 26. Nxg6 Rxg6 27. f3 g4 28. Bf2 b6 29. Rh1 Bb5 30. Rd2 Kd7 31. a4 Bc6 32. Bd4 Nf5 33. Be5 a6 34. Kb2 Rg8 35. Rh7 b5 36. a5 gxf3 37. gxf3 Rg1 38. Rf2 b4 39. Rh8 Bb5 40. Rb8 Rg6 41. Rh2 Rg1 42. Rhh8 Nd6 43. Rhd8+ Kc6 44. Bxd6 exd6 45. Rb6+ Kc5 46. Rdxd6 e5 47. Rd8 e4 48. fxe4 dxe4 49. Re6 Re1 50. Re7 Kc6 51. Rd4 e3 52. Re6+ 1-0

[Event "November 21 Early 2023"]
[Site "https://www.chess.com"]
[Date "2023.11.21"]
[Round "3"]
[White "Kuzubov, Yuriy"]
[Black "FrenchHarvey"]
[Result "1-0"]
[Board "38"]
[TimeControl "180+1"]
[WhiteFideId "14112906"]
[WhiteElo "2487"]
[BlackElo "2675"]
[WhiteTeam "UKR"]
[WhiteClock "0:01:01"]
[BlackClock "0:00:22"]

1. d4 d5 2. c4 c6 3. Nf3 Nf6 4. Nc3 dxc4 5. a4 Bf5 6. Nh4 e6 7. Nxf5 exf5 8. e3 Bd6 9. Bxc4 Nbd7 10. Qb3 O-O 11. Qxb7 Nb6 12. Bd3 c5 13. dxc5 Bxc5 14. Bxf5 Nfd5 15. O-O Nxc3 16. bxc3 Qf6 17. Qf3 Qxc3 18. Rb1 Ba3 19. a5 Nc4 20. a6 g6 21. Be4 Rab8 22. Rxb8 Rxb8 23. Bd5 Ne5 24. Qf6 Bb4 25. Bb2 1-0

[Event "November 21 Early 2023"]
[Site "https://www.chess.com"]
[Date "2023.11.21"]
[Round "3"]
[White "Krstulovic, Alex"]
[Black "Zakhartsov, Vladimir"]
[Result "1-0"]
[Board "39"]
[TimeControl "180+1"]
[WhiteFideId "760056"]
[BlackFideId "4145097"]
[WhiteElo "2311"]
[BlackElo "2448"]
[WhiteTeam "HUN"]
[BlackTeam "RUS"]
[WhiteClock "0:00:58"]
[BlackClock "0:00:00"]

1. d4 Nf6 2. Nf3 e6 3. Bf4 c5 4. e3 d5 5. Nbd2 Bd6 6. Ne5 O-O 7. c3 Nc6 8. Bd3 Qc7 9. Qf3 Nxe5 10. dxe5 Bxe5 11. Bg5 h6 12. Bh4 b6 13. Qh3 Bb7 14. f4 Bxf4 15. exf4 Qxf4 16. O-O-O Ne4 17. Rhf1 Qe5 18. Bxe4 dxe4 19. Nc4 Qh5 20. g4 Qg6 21. Ne5 Qh7 22. Be7 Ba6 23. Rf2 f6 24. Bxf8 Rxf8 25. g5 Bc8 26. g6 Qh8 27. Nf7 Rxf7 28. gxf7+ Kxf7 29. Qg3 Qf8 30. Qc7+ Kg6 31. Rd8 1-0

[Event "November 21 Early 2023"]
[Site "https://www.chess.com"]
[Date "2023.11.21"]
[Round "3"]
[White "Skliarov, Viktor"]
[Black "Gokerkan, Cem Kaan"]
[Result "0-1"]
[Board "40"]
[TimeControl "180+1"]
[WhiteFideId "14106736"]
[BlackFideId "6336760"]
[WhiteElo "2304"]
[BlackElo "2365"]
[WhiteTeam "UKR"]
[BlackTeam "TUR"]
[WhiteClock "0:00:16"]
[BlackClock "0:00:38"]

1. e4 c5 2. Nf3 d6 3. d4 cxd4 4. Qxd4 Nf6 5. Nc3 Nc6 6. Bb5 Bd7 7. Bxc6 Bxc6 8. Bg5 e6 9. O-O-O Be7 10. Rhe1 O-O 11. Kb1 h6 12. Bh4 Qa5 13. Qd2 Qb6 14. Nd4 Rac8 15. f3 Rfd8 16. Bf2 Qc7 17. g4 Nd7 18. h4 Ne5 19. Qe2 b5 20. f4 Nc4 21. g5 hxg5 22. hxg5 b4 23. Qxc4 bxc3 24. g6 Be8 25. Qxc7 Rxc7 26. b3 a5 27. Rd3 a4 28. Rh1 axb3 29. axb3 Bd7 30. f5 exf5 31. exf5 fxg6 32. fxg6 Bf6 33. Bh4 Ra8 34. Bxf6 Rca7 35. Rxc3 Ra1+ 36. Kb2 R8a2# 0-1

[Event "November 21 Early 2023"]
[Site "https://www.chess.com"]
[Date "2023.11.21"]
[Round "3"]
[White "Trost, Edvin"]
[Black "Beerdsen, Thomas"]
[Result "1-0"]
[Board "41"]
[TimeControl "180+1"]
[WhiteFideId "1729519"]
[BlackFideId "1030108"]
[WhiteElo "2385"]
[BlackElo "2550"]
[WhiteTeam "SWE"]
[BlackTeam "NED"]
[WhiteClock "0:00:15"]
[BlackClock "0:00:28"]

1. e4 e5 2. Nf3 Nc6 3. Bc4 Nf6 4. d3 h6 5. O-O d6 6. a4 g5 7. a5 a6 8. c3 g4 9. Ne1 Qe7 10. b4 Be6 11. Bxe6 Qxe6 12. Nd2 d5 13. Qe2 Bg7 14. exd5 Qxd5 15. Bb2 O-O 16. Ne4 Nxe4 17. dxe4 Qe6 18. Nd3 Qc4 19. Rfd1 Rad8 20. Qe3 Kh7 21. Nc5 b6 22. axb6 cxb6 23. Nd7 Rfe8 24. Nxb6 Qb3 25. Rd2 Rxd2 26. Qxd2 Rd8 27. Nd5 f5 28. Qc1 f4 29. c4 Nxb4 30. Ra3 Qc2 31. Qxc2 Nxc2 32. Rxa6 Rb8 33. Rb6 Rc8 34. Rb7 Kh8 35. Nxf4 Rxc4 36. Bxe5 Bxe5 37. Ng6+ Kg8 38. Nxe5 Rxe4 39. Nd3 Ne1 40. Nc5 Re5 41. Rc7 h5 42. h3 gxh3 43. gxh3 Nf3+ 44. Kg2 Nh4+ 45. Kg3 Ng6 46. Nd3 Re2 47. Rc6 Kh7 48. Rxg6 h4+ 49. Kf3 Rd2 50. Rd6 Kh8 51. Kg4 Kg7 52. Kxh4 Kh7 53. Kg5 Kg7 54. h4 Rd1 55. Rd7+ Kg8 56. Ne5 Rg1+ 57. Ng4 Kh8 58. f4 Kg8 59. f5 Kh8 60. f6 Rd1 61. Rxd1 1-0